Map: Proxima Station LE

Players

HEMORRHOIDS - Winner!

  • Race: Protoss Protoss
  • League: Diamond
  • Spawn Location: 1:00

canabuz

  • Race: Zerg Zerg
  • League: Master
  • Spawn Location: 7:00

VOD

Have the link to the VOD?

Description

Time

  • Played on: June 4, 2017, 7:49 p.m.
  • Length: 19:15
Show
View Real Time Build Order
Export as new Build Order

HEMORRHOIDS Protoss - Winner!

Build Orders: Cannon Rush 

Get SALT Encoding   

  12  0:01  Probe (Chrono Boost)  
  13  0:12  Probe (Chrono Boost)  
  14  0:22  Probe (Chrono Boost)  
  14  0:24  Pylon  
  16  0:43  Probe (Chrono Boost)  
  16  0:47  Forge  
  16  0:53  Probe (Chrono Boost)  
  17  1:04  Probe (Chrono Boost)  
  18  1:14  Probe (Chrono Boost)  
  18  1:16  Pylon  
  19  1:25  Probe (Chrono Boost)  
  20  1:36  Photon Cannon  
  20  1:41  Gateway  
  20  1:46  Photon Cannon x2  
  21  1:54  Probe (Chrono Boost)  
  21  2:11  Assimilator  
  21  2:25  Pylon  
  21  2:27  Probe (Chrono Boost)  
  22  2:30  Assimilator  
  22  2:34  Assimilator  
  22  2:38  Probe (Chrono Boost)  
  22  2:42  Photon Cannon  
  22  2:53  Probe (Chrono Boost)  
  23  3:04  Probe (Chrono Boost)  
  24  3:06  Pylon  
  24  3:19  Cybernetics Core  
  24  3:25  Photon Cannon  
  24  3:27  Photon Cannon  
  24  3:30  Probe (Chrono Boost)  
  26  3:41  Probe (Chrono Boost)  
  26  3:51  Photon Cannon  
  26  3:53  Photon Cannon  
  26  3:55  Photon Cannon  
  26  4:08  Pylon  
  26  4:10  Mothership Core (Chrono Boost)  
  27  4:28  Nexus  
  27  4:29  Probe (Chrono Boost)  
  28  4:34  Photon Cannon  
  28  4:43  Nexus  
  28  4:44  Pylon  
  28  4:51  Probe (Chrono Boost)  
  29  4:59  Pylon  
  29  5:01  Probe (Chrono Boost)  
  29  5:06  Photon Cannon  
  30  5:09  Assimilator  
  30  5:10  Assimilator  
  30  5:17  Probe (Chrono Boost)  
  31  5:22  Assimilator  
  31  5:28  Probe (Chrono Boost)  
  32  5:36  Photon Cannon  
  32  5:38  Stargate  
  32  5:44  Stargate  
  32  5:55  Stargate  
  32  5:56  Probe (Chrono Boost)  
  33  6:07  Probe (Chrono Boost)  
  33  6:10  Probe (Chrono Boost)  
  35  6:14  Probe (Chrono Boost)  
  35  6:18  Probe (Chrono Boost)  
  37  6:21  Probe (Chrono Boost)  
  37  6:25  Probe (Chrono Boost)  
  48  6:49  Probe (Chrono Boost), Void Ray x2  
  48  6:51  Probe (Chrono Boost)  
  50  7:01  Probe (Chrono Boost)  
  50  7:05  Assimilator  
  50  7:11  Void Ray  
  52  7:23  Pylon  
  52  7:25  Pylon  
  52  7:32  Probe (Chrono Boost)  
  52  7:43  Void Ray  
  45  7:57  Void Ray  
  48  8:11  Void Ray  
  49  8:39  Void Ray  
  53  8:43  Pylon  
  53  8:46  Pylon  
  52  9:38  Oracle  
  52  9:42  Oracle x2  
  61  9:50  Pylon  
  61  9:52  Pylon  
  61  10:09  Oracle  
  61  10:12  Forge  
  64  10:18  Oracle x2  
  70  10:38  Pylon  
  70  10:48  Oracle  
  53  11:46  Nexus  
  53  11:51  Oracle  
  53  12:05  Pylon  
  49  13:31  Probe (Chrono Boost)  
  46  13:48  Photon Cannon  
  46  13:52  Probe (Chrono Boost), Photon Cannon  
  47  14:09  Probe (Chrono Boost)  
  39  14:25  Oracle  
  39  14:26  Oracle  
  39  14:28  Probe (Chrono Boost)  
  46  14:39  Probe (Chrono Boost)  
  44  15:01  Oracle  
  44  15:03  Pylon  
  47  15:21  Oracle  
  50  15:55  Oracle  
  53  16:11  Probe (Chrono Boost)  
  53  16:12  Pylon  
  53  16:14  Pylon  
  54  16:29  Oracle  
  54  16:31  Oracle  
  60  17:05  Oracle  
  60  17:06  Oracle  
  66  17:41  Oracle  
  69  17:53  Pylon  
  69  17:54  Pylon  
  69  17:56  Photon Cannon  
  69  18:10  Oracle  
  72  18:16  Oracle  
  72  18:17  Photon Cannon  
  72  18:18  Photon Cannon  
Show
View Real Time Build Order
Export as new Build Order

canabuz Zerg 

Build Orders: Hatch First 

Get SALT Encoding   

  12  0:01  Drone  
  13  0:13  Overlord  
  13  0:19  Drone  
  14  0:31  Drone x2  
  16  0:36  Drone  
  17  0:46  Drone  
  18  0:58  Drone  
  18  1:00  Hatchery  
  18  1:07  Drone  
  19  1:13  Extractor  
  19  1:18  Drone  
  19  1:23  Spawning Pool  
  18  1:39  Drone  
  19  1:45  Drone  
  20  1:50  Overlord  
  20  2:09  Queen  
  20  2:10  Zergling x2  
  20  2:13  Zergling x4  
  25  2:26  Zergling x2  
  26  2:38  Zergling x6  
  26  2:40  Metabolic Boost  
  29  2:45  Queen  
  29  2:47  Drone  
  32  3:00  Hatchery  
  32  3:01  Overlord  
  30  3:06  Overlord  
  30  3:26  Queen  
  31  3:36  Drone x3  
  31  3:37  Drone  
  35  3:56  Extractor  
  35  3:59  Roach Warren  
  35  4:00  Drone x4  
  38  4:33  Hatchery  
  38  4:34  Overlord  
  38  4:35  Overlord  
  37  4:46  Roach x3  
  43  4:54  Roach  
  43  4:57  Lair  
  43  4:59  Roach  
  47  5:11  Roach x3  
  53  5:35  Roach x4  
  61  5:46  Queen  
  61  5:47  Roach x2  
  67  6:03  Overlord x2  
  67  6:24  Ravager x3  
  67  6:25  Ravager x3  
  73  6:26  Drone  
  73  6:27  Drone x4  
  73  6:28  Queen  
  73  6:30  Queen  
  73  6:32  Drone  
  83  6:33  Overlord x2  
  83  6:42  Overlord x3  
  82  7:06  Roach x4  
  82  7:07  Zergling x2, Roach x3  
  82  7:08  Zergling x2  
  98  7:14  Lair  
  97  7:29  Roach x4  
  106  7:30  Roach  
  106  7:40  Roach x2  
  106  7:41  Zergling x6  
  106  7:43  Spore Crawler  
  112  7:46  Spore Crawler  
  111  7:57  Zergling x2, Roach x4  
  120  8:05  Drone  
  121  8:16  Overseer x2  
  121  8:29  Queen  
  121  8:31  Spore Crawler  
  121  8:32  Spore Crawler  
  121  8:33  Spore Crawler  
  116  8:41  Drone x2  
  116  8:42  Drone x3  
  121  9:07  Overlord x3  
  114  9:38  Hydralisk Den  
  112  9:47  Hatchery  
  102  10:27  Overlord x3  
  101  10:33  Overlord x3  
  101  10:45  Hydralisk  
  42  11:41  Hatchery  
  35  13:13  Hydralisk  
  35  13:14  Hydralisk  
  39  13:36  Hydralisk x2  
  39  13:41  Extractor  
  42  13:58  Hatchery  
  37  14:12  Hydralisk  
  39  14:37  Muscular Augments  
  39  15:13  Hydralisk  
  33  16:46  Hatchery  
Tags
 
Add a new tag
Caveats
  • Supply blocks, unpowered buildings, or Contaminate may cause inaccurate times.
  • Supply counts are checked every 10 seconds.